 Dungeon Crawl Stone Soup version 0.21.1-1-g345015f (webtiles) character file.

10 shakethe the Firebug (level 2, -2/15 HPs)
             Began as a Tengu Fire Elementalist on Feb 9, 2018.
             Slain by a gnoll
             ... wielding a +0 spear
              (8 damage)
             ... on level 1 of the Dungeon.
             The game lasted 00:01:07 (321 turns).

shakethe the Firebug (Tengu Fire Elementalist)       Turns: 321, Time: 00:01:08

Health: -2/15      AC:  2    Str:  8    XL:     2   Next: 20%
Magic:  3/6        EV: 12    Int: 15    God:
Gold:   31         SH:  0    Dex: 14    Spells: 4/5 levels left

rFire    . . .     SeeInvis .   d - +0 spear
rCold    . . .     Gourm    .   (no shield)
rNeg     . . .     Faith    .   a - +0 robe
rPois    .         Spirit   .   (helmet restricted)
rElec    .         Reflect  .   (no cloak)
rCorr    .         Harm     .   (no gloves)
MR       .....                  (boots unavailable)
Stlth    ++........             (no amulet)
HPRegen  0.05/turn              (no ring)
MPRegen  0.10/turn              (no ring)

@: no status effects
A: beak, talons 3
a: no special abilities


You were on level 1 of the Dungeon.
You were not hungry.

You visited 1 branch of the dungeon, and saw 1 of its levels.

You collected 31 gold pieces.

Inventory:

Hand Weapons
 d - a +0 spear (weapon)
   (You found it on level 1 of the Dungeon)
Armour
 a - a +0 robe (worn)
Scrolls
 f - a scroll of remove curse {unknown}
Potions
 e - a potion of resistance {unknown}
Books
 b - a book of Flames
Comestibles
 c - 2 rations


   Skills:
 - Level 2.1 Dodging
 - Level 2.0 Stealth
 - Level 2.0 Spellcasting
 * Level 2.3 Conjurations
 * Level 3.6 Fire Magic


You had 4 spell levels left.
You knew the following spells:

 Your Spells              Type           Power        Failure   Level  Hunger
a - Flame Tongue          Conj/Fire      ##...        6%          1    #......


Dungeon Overview and Level Annotations

Branches:
Dungeon (1/15)

Altars:


Innate Abilities, Weirdness & Mutations

You have a beak for a mouth.
You have claws for feet.


Message History

You barely miss the kobold. Your peck misses the kobold. The kobold hits you.
You take 1 damage, and have 14/15 hp.
You hit the kobold but do no damage. Your kick misses the kobold.
The kobold hits you but does no damage.
You hit the kobold.
You kill the kobold!
You see here 5 stones.
You now have 18 gold pieces (gained 5).
There are no items here.
You see here 5 stones.
You now have 31 gold pieces (gained 13).
A hobgoblin comes into view. It is wielding a club.
The hobgoblin shouts!
Health restored: 15 A hobgoblin is nearby!
You hit the hobgoblin. You claw the hobgoblin.
You peck the hobgoblin, but do no damage.
The hobgoblin hits you with a club.
You take 1 damage, and have 14/15 hp.
You hit the hobgoblin.
You kill the hobgoblin!
You see here a club.
A kobold comes into view. It is wielding a club.
The kobold moves out of view.
The kobold shouts!
The kobold throws a stone.
The stone barely misses you.
You see here a stone.
No target in view!
No target in view!
No target in view!
No target in view!
No target in view!
No target in view!
No target in view!
No target in view!
No target in view!
No target in view!
No target in view!
No target in view!
No target in view!
No target in view!
No target in view!
The kobold throws a stone.
The stone misses you.
You see here a stone.
Health restored: 15 Attack whom?
Aim: a kobold, wielding a club You reach to attack!
You closely miss the kobold.
The kobold throws a stone.
The stone closely misses you.
Attack whom?
Aim: a kobold, wielding a club You reach to attack!
You hit the kobold but do no damage. You hit the kobold but do no damage.
You claw the kobold. You peck the kobold, but do no damage.
The kobold hits you with a club.
You barely miss the kobold. Your kick misses the kobold.
Your peck misses the kobold. The kobold barely misses you.
You barely miss the kobold. Your peck misses the kobold.
The kobold barely misses you.
You take 3 damage, and have 12/15 hp.
You hit the kobold.
You kill the kobold!
No target in view!
No target in view!
No target in view!
No target in view!
No target in view!
No target in view!
No target in view!
No target in view!
No target in view!
No target in view!
No target in view!
No target in view!
No target in view!
Things that are here:
a club; a kobold corpse You see here a chain mail.
You see here a leather armour.
f - a scroll labeled ZEYNEL GOMO Health restored: 15 A gnoll comes into view.
It is wielding a spear.
A gnoll is nearby!
Aim: a gnoll, wielding a spear (resting)
The flame tongue hits the gnoll.
The gnoll shouts!
The gnoll closely misses you.
You now have 5/6 mp.
Aim: a gnoll, wielding a spear (moderately wounded)
The flame tongue misses the gnoll.
The gnoll hits you but does no damage.
You now have 4/6 mp.
Aim: a gnoll, wielding a spear (moderately wounded)
The flame tongue misses the gnoll.
The gnoll hits you from afar with a spear!
Ouch! That really hurt!
You take 9 damage, and have 6/15 hp.
MASSIVE DAMAGE!!
You now have 3/6 mp.
The gnoll hits you from afar with a spear!
Ouch! That really hurt!
You die...

##....###.#.....
#....#....#### #....#
.##.#####.####....#
#....# .. ..
..#....#.######
###### #.# #.####.#.#
...# #
#.##.....#....#.#
#.##.#.###.......
#.##.#...........
###........###.#...
#..@...#.#.#.......
#g########.........
#....................
#.....######.(.....##
#.....# #.......#
###.... ####.##.#
###.#. .# # .#.. ..
.. .. "..


You could see a gnoll.

Vanquished Creatures
  A worm (D:1)
  A goblin (D:1)
  A hobgoblin (D:1)
  3 kobolds (D:1)
  2 rats (D:1)
8 creatures vanquished.

Notes
Turn   | Place    | Note
-------+----------+-------------------------------------------
     0 | D:1      | shakethe the Tengu Fire Elementalist began the quest for the Orb.
     0 | D:1      | Reached XP level 1. HP: 10/10 MP: 4/4
    83 | D:1      | Reached skill level 2 in Conjurations
   161 | D:1      | Reached XP level 2. HP: 15/15 MP: 6/6
   321 | D:1      | Slain by a gnoll

Skill      XL: |  1 |
---------------+----+-----
Conjurations   | 2 |  2.3
Dodging        | |  2.1
Stealth        | |  2.0
Spellcasting   | |  2.0
Fire Magic     | |  3.6

Action                   || total
-------------------------++-------
Melee: Spear             ||    13
       Kick              ||     3
       Peck              ||     2
 Cast: Flame Tongue      ||     9
 Stab: Sleeping          ||     1
Armor: Robe              ||     2
Dodge: Dodged            ||     8

Vault maps used:
D:1:      evilmike_arrival_run_for_it

Table legend:
 A = Turns spent in this place as a percentage of turns spent in the entire game.
 B = Non-inter-level travel turns spent in this place as a percentage of non-inter-level travel turns spent in the entire game.
 C = Inter-level travel turns spent in this place as a percentage of turns spent in this place.
 D = Turns resting spent in this place as a percentage of non-inter-level travel turns spent in this place.
 E = Turns spent auto-exploring this place as a percentage of non-inter-level travel turns spent in this place.
 F = Non-inter-level travel turns spent in this place divided by the number of levels of this place that you've seen.
                   A       B       C       D       E      F
               +-------+-------+-------+-------+-------+----------------------
         Total | 100.0 | 100.0 |   0.0 |   0.0 |  65.4 | 321.0
       Dungeon | 100.0 | 100.0 |   0.0 |   0.0 |  65.4 | 321.0
               +-------+-------+-------+-------+-------+----------------------

Table legend:
 A = Kills in this place as a percentage of kills in entire the game.
 B = Kills by you in this place as a percentage of kills by you in the entire game.
 C = Kills by friends in this place as a percentage of kills by friends in the entire game.
 D = Other kills in this place as a percentage of other kills in the entire game.
 E = Experience gained in this place as a percentage of experience gained in the entire game.
 F = Experience gained in this place divided by the number of levels of this place that you have seen.
                   A       B       C       D       E      F
               +-------+-------+-------+-------+-------+----------------------
         Total | 100.0 | 100.0 |   N/A |   N/A | 100.0 |  15.0
       Dungeon | 100.0 | 100.0 |   N/A |   N/A | 100.0 |  15.0
               +-------+-------+-------+-------+-------+----------------------
